 Dungeon Crawl Stone Soup version 0.13.1-2-gfb2c2b7 (webtiles) character file.

293 Mitsuki the Charmwright (level 5, -3/46 HPs)
             Began as a Naga Skald on Dec 3, 2013.
             Killed by nerve-wracking pain
             ... invoked by Grinder
              (5 damage)
             ... on Level 3 of the Dungeon.
             The game lasted 00:26:43 (3387 turns).

Mitsuki the Charmwright (Naga Skald)                Turns: 3387, Time: 00:26:43

HP  -3/46        AC  7     Str 16      XL: 5   Next: 76%
MP  18/19        EV  8     Int 12      God:
Gold 95          SH  0     Dex 10      Spells:  3 memorised,  2 levels left

Res.Fire  : . . .   See Invis. : +   a - +1 spear {=f}
Res.Cold  : . . .   Warding    : .   g - +0 ring mail
Life Prot.: . . .   Conserve   : .   (no shield)
Res.Poison: +       Res.Corr.  : .   m - +2 helmet (curse)
Res.Elec. : .       Clarity    : .   (no cloak)
Sust.Abil.: . .     Spirit.Shd : .   (no gloves)
Res.Mut.  : .       Stasis     : .   (no barding)
Res.Rott. : .       Flight     : .   (no amulet)
Saprovore : . . .                    (no ring)
                                     d - ring of magical power

@: very slow, slightly resistant to hostile enchantments, unstealthy
A: spit poison, see invisible, deformed body, poison resistance, slowness 2, AC
+1
a: Spit Poison


You were on level 3 of the Dungeon.
You were hungry.

You visited 1 branch of the dungeon, and saw 3 of its levels.

You collected 75 gold pieces.

Inventory:

Hand weapons
 a - a +1,+1 spear (weapon) {=f}
Armour
 g - a +0 ring mail (worn)
 m - a cursed +2 helmet (worn)
Comestibles
 h - 2 meat rations
 n - a bread ration
Scrolls
 i - a scroll of fear
 o - a scroll of identify
 r - a scroll of enchant weapon I
Jewellery
 d - a ring of magical power (left hand)
 f - an uncursed amulet of guardian spirit
Potions
 b - a potion of brilliance {unknown}
 j - 2 potions of degeneration {unknown}
 k - a potion of cure mutation
 l - a potion of paralysis {unknown}
Books
 c - a book of Battle

   Spells                             Type                      Level
   *Infusion                          Charms                       1
   Shroud of Golubria                 Charms/Translocation         2
   *Song of Slaying                   Charms                       2
   *Spectral Weapon                   Hexes/Charms                 3
   Regeneration                       Charms/Necromancy            3
   Song of Shielding                  Charms                       4


   Skills:
 * Level 3.2 Fighting
 * Level 3.1 Polearms
 + Level 1.4 Armour
 + Level 1.5 Dodging
 + Level 2.7 Stealth
 + Level 2.4 Spellcasting
 + Level 3.6 Charms


You had 2 spell levels left.
You knew the following spells:

 Your Spells              Type           Power        Failure   Level  Hunger
a - Infusion              Chrm           ##....       10%         1    ##.....
b - Song of Slaying       Chrm           ##........   12%         2    ###....
c - Spectral Weapon       Hex/Chrm       #.......     52%         3    ####...


Dungeon Overview and Level Annotations

Branches:
Dungeon (3/27)

Altars:
Trog

Annotations:
D:3 Grinder


Innate Abilities, Weirdness & Mutations

You cannot wear boots.
You can spit poison.
Your serpentine skin is tough (AC +1).
You have supernaturally acute eyesight.
Armour fits poorly on your strangely shaped body.
Your system is resistant to poisons.
You cover ground very slowly.


Message History

Grinder gestures at you. Pain shoots through your body!
Grinder gestures at you. You resist.
Your song has ended.
Grinder gestures at you. Pain shoots through your body!
* * * LOW HITPOINT WARNING * * *
You closely miss Grinder.
Grinder is lightly wounded.
Your spectral weapon misses Grinder.
Grinder hits you.
* * * LOW HITPOINT WARNING * * *
You writhe in agony.
* * * LOW HITPOINT WARNING * * *
Your spectral weapon fades away.
Grinder rolls his eyes.
Grinder barely misses you. Grinder gestures at you.
Pain shoots through your body!
You die...

#.............?########.
#.......%......# #.
#....$.........# #(
#.......###############.
#)......# #.......((
#.......# #.........
#......5# #........>
######[.# #.........
#.@# #......... #..#
#.........
#..#######.........
#..................
###################


You could see Grinder.

Vanquished Creatures
  An orc wizard (D:3)
  A worker ant (D:3)
  Jessica (D:3)
  5 adders
  3 worms (D:2)
  An ooze (D:2)
  5 orcs (D:3)
  A ball python (D:3)
  2 giant cockroaches (D:1)
  7 goblins
  9 hobgoblins
  A quokka (D:2)
  7 bats
  7 giant newts
  3 jackals (D:1)
  6 kobolds
  10 rats
70 creatures vanquished.

Notes
Turn   | Place    | Note
--------------------------------------------------------------
     0 | D:1      | Mitsuki, the Naga Skald, began the quest for the Orb.
     0 | D:1      | Reached XP level 1. HP: 18/18 MP: 3/3
   487 | D:1      | Reached XP level 2. HP: 16/25 MP: 3/5
   766 | D:1      | Reached skill level 1 in Armour
   792 | D:1      | Learned a level 2 spell: Song of Slaying
   804 | D:1      | Reached skill level 1 in Dodging
  1152 | D:1      | Reached XP level 3. HP: 29/31 MP: 6/6
  1280 | D:1      | Learned a level 3 spell: Spectral Weapon
  1538 | D:2      | Reached skill level 1 in Stealth
  1811 | D:2      | Reached XP level 4. HP: 35/39 MP: 8/8
  2012 | D:2      | Found a bloodstained altar of Trog.
  2484 | D:3      | Reached XP level 5. HP: 12/45 MP: 9/9
  2903 | D:3      | Noticed Jessica
  2930 | D:3      | Killed Jessica
  3355 | D:3      | Noticed Grinder
  3355 | D:3      | Paralysed by Grinder for 7 turns
  3383 | D:3      | HP: 1/46 [Grinder (6)]
  3387 | D:3      | Killed from afar by Grinder

Action                   |  1- 3 |  4- 6 || total
-------------------------+-------+-------++-------
Melee: Spear             |   171 |   182 ||   353
Throw: Spear             |     1 |       ||     1
 Cast: Song of Slaying   |     1 |     4 ||     5
       Spectral Weapon   |       |     3 ||     3
 Abil: Spit Poison       |    16 |    15 ||    31
       Stop Singing      |     1 |       ||     1
  Use: Scroll            |     6 |     5 ||    11
